cohdb
Replays
Latest Replays
All Replays
Popular Replays
Top Player Replays
Match Explorer
How It Works
Community
CoH3 Stats
Reddit
Sign in to upload your games and track your stats! →
Sign in with Steam
Match 41193819
Unlisted
Match 41193819
Overview
Messages
Build Orders
End
Kradschützen Motorcycle Team
Construct Light Support Kompanie
Assault Grenadier Squad
Assault Grenadier Squad
Panzerjäger Squad
Panzerjäger Squad
Selects Panzerjäger Kommand Battlegroup
Selects Mine Fields
Selects Tank Busters
Assault Grenadier Squad
Fire Support Elements
MG34 Team
2.5-tonne Medical Truck
Selects Defensive Positions
Construct Panzerarmee Kommand
Husar
Eternalfire67
Son of peach
chell007
Angry Chickens
Space_Asshole
Duilio_Azikiwe
CopperNinja
0
0
Comments
sign in to comment!
No comments posted yet!